 Dungeon Crawl Stone Soup version 0.19-a0-1210-g5c1aa26 (webtiles) character file.

296 giantanteater the Skirmisher (level 6, -8/49 HPs)
             Began as a Merfolk Wanderer on Aug 22, 2016.
             Mangled by an ogre
             ... wielding a +0 giant spiked club
              (27 damage)
             ... on level 4 of the Dungeon.
             The game lasted 00:28:59 (3416 turns).

giantanteater the Skirmisher (Merfolk Wanderer)     Turns: 3416, Time: 00:28:59

Health: -8/49      AC: 12    Str: 11    XL:     6   Next: 35%
Magic:  6/6        EV:  7    Int: 11    God:
Gold:   180        SH:  6    Dex: 17    Spells: 0 memorised, 5 levels left

rFire  . . .     SeeInvis .     u - +1 trident
rCold  + + .     Gourm    .     D - +3 chain mail {rC+}
rNeg   . . .     Faith    .     I - +2 buckler
rPois  .         Spirit   .     q - +0 helmet
rElec  .         Dismiss  .     (no cloak)
rCorr  .         Reflect  .     (no gloves)
MR     +....     Harm     .     (boots currently unavailable)
Stlth  +.........               (no amulet)
                                G - ring of protection from magic
                                h - ring of protection from cold

@: very quick
A: change form in water, swift swim
a: no special abilities


You were on level 4 of the Dungeon.
You were not hungry.

You visited 1 branch of the dungeon, and saw 4 of its levels.

You collected 180 gold pieces.

Inventory:

Hand Weapons
 a - a +2 mace
 d - a +0 dagger
 n - a +0 spear
 r - a +0 spear
 u - a +1 trident (weapon)
 x - a cursed -3 dagger
 y - a +0 arbalest
Missiles
 H - 4 stones (quivered)
Armour
 b - a +0 ring mail
 q - a +0 helmet (worn)
 s - a +0 ring mail of cold resistance
 D - a +3 chain mail of cold resistance (worn)
 I - a +2 buckler (worn)
Jewellery
 h - a ring of protection from cold (left hand)
 G - a ring of protection from magic (right hand)
Wands
 B - a wand of paralysis (14/24)
 F - a wand of paralysis (11/24)
Scrolls
 k - 2 scrolls of remove curse {unknown}
 l - 2 scrolls of fog {unknown}
 p - 2 scrolls of enchant weapon
 t - 2 scrolls of immolation
 v - a scroll of recharging {unknown}
 w - 2 scrolls of amnesia {unknown}
 E - a scroll of teleportation {unknown}
 J - a scroll of noise {unknown}
Potions
 e - a potion of brilliance
 g - 4 potions of flight
 i - a potion of curing
 j - a potion of cancellation
 m - 3 potions of haste
 z - a potion of cure mutation {unknown}
 A - a potion of resistance {unknown}
 C - a potion of heal wounds {unknown}
Comestibles
 f - 2 bread rations
 o - a meat ration


   Skills:
 * Level 4.7 Fighting
 - Level 1.0(1.4) Maces & Flails
 * Level 3.8(4.3) Polearms
   Level 1.5(2.2) Staves
 + Level 0.3 Armour
 * Level 3.9 Dodging
 + Level 4.3 Stealth
 * Level 0.6 Shields
 - Level 1.0 Evocations


You had 5 spell levels left.
You didn't know any spells.

Dungeon Overview and Level Annotations

Branches:
Dungeon (4/15)
 Temple: D:4-7

Altars:

Shops:
D:4 *

Annotations:
D:2 Sigmund
D:4 1 runed door


Message History

The ogre is heavily wounded.
The ogre hits you with a giant spiked club!!
Ouch! That really hurt!
* * * LOW HITPOINT WARNING * * *
The ogre barely misses you.
Your legs become a tail as you enter the water.
Attack whom?
Press: ? - help, Dir - move target cursor, f - ogre
Aim: an ogre, wielding a giant spiked club (lightly wounded)
You reach to attack!
You puncture the ogre!
The ogre is heavily wounded.
Attack whom?
Press: ? - help, Dir - move target cursor, f/p - ogre
Aim: an ogre, wielding a giant spiked club (heavily wounded)
You reach to attack!
You puncture the ogre!
The ogre is almost dead.
The adder bites you but does no damage.
The ogre hits you with a giant spiked club!!
Ouch! That really hurt!
You die...

#.# #.# #.###.### #.#
#.####### #.# #.... #.#
#...S...# #.# ###.# #.#
#######.## #.# #.# #.#
#..## #.####### #.# #...##
#....# #.# ##.≈.≈## #.####
#.# #OS≈.≈≈# #.#### #.#
#.@≈∩≈≈# #....# ..#
#.≈≈≈≈≈# ###### .##
#.#≈≈≈## . #.##### #. #.#
##### #.# ####...# #.#
#......##
#########.#######.##.##.##
#..............#.....#...##


You could see an ogre and an adder.

Vanquished Creatures
  A centaur zombie (D:4)
  2 hounds (D:4)
  An orc priest (D:4)
  Terence (D:3)
  Ijyb (D:2)
  Robin (D:2)
  3 gnolls
  An adder (D:3)
  3 worms
  A giant gecko (D:3)
  5 orcs
  A ball python (D:3)
  3 giant cockroaches
  16 goblins
  6 hobgoblins
  3 quokkas
  4 bats
  4 giant newts
  8 kobolds
  2 rats (D:2)
67 creatures vanquished.

Notes
Turn   | Place    | Note
-------+----------+-------------------------------------------
     0 | D:1      | giantanteater the Merfolk Wanderer began the quest for the Orb.
     0 | D:1      | giantanteater set off with: a +2 mace, a +0 ring mail, a potion of lignification, a +0 dagger, a bread ration
     0 | D:1      | Reached XP level 1. HP: 18/18 MP: 1/1
     4 | D:1      | Noticed an electric eel
   622 | D:1      | Reached XP level 2. HP: 24/24 MP: 2/2
   793 | D:2      | Noticed Ijyb
   834 | D:2      | Killed Ijyb
   834 | D:2      | Reached skill level 1 in Polearms
   834 | D:2      | Reached XP level 3. HP: 15/30 MP: 3/3
   863 | D:2      | Noticed Robin
   900 | D:2      | Killed Robin
  1006 | D:2      | Reached XP level 4. HP: 36/37 MP: 4/4
  1729 | D:2      | Noticed Sigmund
  2029 | D:3      | Reached XP level 5. HP: 40/42 MP: 5/5
  2657 | D:3      | Noticed Terence
  2672 | D:3      | Killed Terence
  2953 | D:4      | Found a runed door.
  2973 | D:4      | Reached XP level 6. HP: 22/49 MP: 6/6
  3223 | D:4      | Found Gutuj's General Store.
  3416 | D:4      | Mangled by an ogre

Vault maps used:
D:1:      arrival_aquarium_a
D:2:      uniq_robin, uniq_iyjb, uniq_sigmund
D:3:      uniq_terence
D:4:      first_bread, serial_shops, nicolae_shop_waterfront,
          uniq_crazy_yiuf_cottage

Skill      XL: |  1  2  3  4  5 |
---------------+----------------+-----
Dodging        | 2 3 |  3.9
Polearms       | 1 2 3 |  3.8
Stealth        | 3 4 |  4.3
Fighting       | 4 |  4.7
Maces & Flails | |  1.0
Staves         | |  1.5
Armour         | |  0.3
Shields        | |  0.6
Evocations     | |  1.0

Action                   |  1- 3 |  4- 6 || total
-------------------------+-------+-------++-------
Melee: Spear             |    91 |    71 ||   162
       Mace              |     5 |       ||     5
       Trident           |       |   188 ||   188
Throw: Stone             |       |     4 ||     4
Evoke: Wand              |       |     1 ||     1
  Use: Scroll            |       |     8 ||     8
       Potion            |       |     1 ||     1
 Stab: Sleeping          |     1 |     3 ||     4
  Eat: Chunk             |       |     8 ||     8
Armor: Ring mail         |    28 |    40 ||    68
       Chain mail        |       |    42 ||    42
       Skin              |       |     4 ||     4
Dodge: Dodged            |    30 |   118 ||   148
Block: Buckler           |       |     3 ||     3
